 Dungeon Crawl Stone Soup version 0.28-a0-1236-gb25a51b929 (webtiles) character file.

Game seed: 11926327719724211542

140 Gildeon the Shield-Bearer (level 5, 42/42 HPs)
             Began as a Formicid Fighter on Dec 26, 2019.
             Quit the game on level 2 of the Dungeon on Dec 25, 2021.
             The game lasted 00:05:22 (1644 turns).

Gildeon the Shield-Bearer (Formicid Fighter)        Turns: 1644, Time: 00:05:23

Health: 42/42      AC: 10    Str: 21    XL:     5   Next: 47%
Magic:  5/5        EV:  8    Int:  8    God:
Gold:   101        SH:  8    Dex: 10    Spells: 4/4 levels left

rFire   . . .      SeeInvis +   a - +0 trident
rCold   . . .      Faith    .   c - +0 kite shield
rNeg    . . .      Spirit   .   b - +0 scale mail
rPois   .          Reflect  .   (helmet unavailable)
rElec   .          Harm     .   (no cloak)
rCorr   .          Rampage  .   h - +2 pair of gloves
Will    .....                   (no boots)
Stlth   ..........              (no amulet)
HPRegen 0.14/turn               (no ring)
MPRegen 0.09/turn               (no ring)

@: no status effects
A: permanent stasis, dig shafts and tunnels, antennae 3, four strong arms
a: Dig, Shaft Self


You were on level 2 of the Dungeon.
You visited 1 branch of the dungeon, and saw 2 of its levels.

You collected 101 gold pieces.

Inventory:

Hand Weapons
 a - a +0 trident (weapon)
Armour
 b - a +0 scale mail (worn)
 c - a +0 kite shield (worn)
 h - a +2 pair of gloves (worn)
Scrolls
 i - 2 scrolls of noise {unknown}
Potions
 d - a potion of might
 e - a potion of ambrosia
 j - 3 potions of mutation
 k - a potion of attraction
 l - a potion of heal wounds
Comestibles
 f - 2 removed foods
 m - 11 removed foods


   Skills:
 + Level 4.2 Fighting
 * Level 4.0 Polearms
 - Level 3.2 Armour
 + Level 4.6 Shields


You had 4 spell levels left.
You didn't know any spells.
Your spell library was empty.

Dungeon Overview and Level Annotations

Branches:
Dungeon (2/15)

Altars:


Innate Abilities, Weirdness & Mutations

You cannot be hasted, slowed, berserked, paralysed or teleported.
You can dig through walls and to a lower floor.
You have a pair of large antennae on your head. (SInv)
Your four strong arms can wield two-handed weapons with a shield.


Message History

A quokka comes into view.
An adder comes into view.
The adder hisses angrily.
The frilled lizard bites you but does no damage.
You puncture the frilled lizard!
You kill the frilled lizard!
The quokka closely misses you.
You hit the quokka.
You kill the quokka!
You barely miss the adder. The adder bites you but does no damage.
You block the adder's attack.
You hit the adder but do no damage. The adder bites you but does no damage.
You puncture the adder!
You kill the adder!
Your Polearms skill increases to level 4!
Things that are here:
an adder corpse; a quokka corpse A bat comes into view.
Things that are here:
an adder corpse; a quokka corpse Butcher an adder corpse? [(y)es/(n)o/(a)ll/(q)uit/?]
Butcher a quokka corpse? [(y)es/(n)o/(a)ll/(q)uit/?]
You butcher the quokka corpse.
Things that are here:
an adder corpse; 2 chunks of flesh; a quokka skeleton Unknown command.
m - 9 chunks of flesh (gained 2)
The bat hits you but does no damage.
You butcher the adder corpse.
You block the bat's attack.
Things that are here:
2 chunks of flesh; an adder skeleton; a quokka skeleton
m - 11 chunks of flesh (gained 2)
The bat hits you but does no damage. The bat hits you but does no damage.
The bat hits you but does no damage. x2
You puncture the bat!
You kill the bat!
Saving game... please wait.
Welcome back, Gildeon the Formicid Fighter.
Press ? for a list of commands and other information.
Are you sure you want to abandon this character and quit the game? (Confirm with "yes".)

#.........##.#####
##.######........## #####
#÷# ######.....
#...######(###### ##.###
*#..............#* #..#
#..######.####..#######.##
##.# #.# ***,..........
#.#### #.##*,,,#######...
###....# #@.#*,,,* ####
#......####.#*,,,******
#........÷..#,,,,,,,,,* #
###.....##.......#***,**###
#.........#.....,{{..##..
#....#.....#...#**,#....#
#....####......# *,*##...
#....# #.####.#**,#.....
###### #.#,,,..,,,..####


There were no monsters in sight!

Vanquished Creatures
  An orc wizard (D:2)
  6 adders (D:2)
  An endoplasm (D:1)
  A dart slug (D:1)
  4 orcs (D:2)
  2 removed leopard geckos
  6 bats
  4 giant cockroaches
  2 goblins (D:1)
  6 hobgoblins
  7 kobolds
  2 quokkas (D:2)
  4 frilled lizards
  4 rats
50 creatures vanquished.

Notes
Turn   | Place    | Note
-------+----------+-------------------------------------------
     0 | D:1      | Gildeon the Formicid Fighter began the quest for the Orb.
     0 | D:1      | Reached XP level 1. HP: 18/18 MP: 1/1
    76 | D:1      | Reached XP level 2. HP: 24/24 MP: 2/2
   302 | D:1      | Reached XP level 3. HP: 29/29 MP: 3/3
   877 | D:2      | Reached XP level 4. HP: 35/37 MP: 4/4
  1484 | D:2      | Reached XP level 5. HP: 42/42 MP: 5/5
  1644 | D:2      | Upgraded the game from 0.25-a0-317-g5f8687bca5 to
                  | 0.28-a0-1236-gb25a51b929
  1644 | D:2      | Quit the game

Illustrated notes

Levels and vault maps discovered:
D:1:      onia_arrival_mini_spirals, layout_loops_ring
D:2:      layout_rooms

Skill      XL: |  1  2  3  4  5 |
---------------+----------------+-----
Shields        | 4 |  4.6
Polearms       | 3 4 |  4.0
Fighting       | 4 |  4.2
Armour         | |  3.2

Action                   |  1- 3 |  4- 6 || total
-------------------------+-------+-------++-------
Melee: Trident           |   102 |   114 ||   216
  Use: Scroll            |     7 |     3 ||    10
  Eat: Removed food      |       |     3 ||     3
Armor: Scale mail        |    47 |    71 ||   118
Dodge: Dodged            |    28 |    40 ||    68
Block: Kite shield       |    62 |    50 ||   112

Table legend: (Time is in decaauts)
 A = Elapsed time spent in this place.
 B = Non-inter-level travel time spent in this place.
 C = Inter-level travel time spent in this place.
 D = Time resting spent in this place.
 E = Time spent auto-exploring this place.
 F = Levels seen in this place.
 G = Mean time per level.
                   A        B        C        D        E       F      G
               +--------+--------+--------+--------+--------+-----+--------+
         Total |   1691 |   1660 |     31 |    270 |    791 |   2 |  845.5 |
       Dungeon |   1691 |   1660 |     31 |    270 |    791 |   2 |  845.5 |
               +--------+--------+--------+--------+--------+-----+--------+
